 Dungeon Crawl Stone Soup version 0.23.2-1-ga50397a6bc (webtiles) character file.

Game seed: 17831371257309018069

216 Gargoyl the Skirmisher (level 5, -1/46 HPs)
             Began as a Centaur Abyssal Knight on May 9, 2019.
             Was a Believer of Lugonu.
             Slain by Edmund
             ... wielding a +5 flail of holy wrath
              (4 damage)
             ... on level 4 of the Dungeon on May 10, 2019.
             The game lasted 00:05:36 (3225 turns).

Gargoyl the Skirmisher (Centaur Abyssal Knight)     Turns: 3225, Time: 00:05:36

Health: -1/46      AC: 11    Str: 20    XL:     5   Next: 61%
Magic:  7/7        EV:  6    Int: 11    God:    Lugonu [**....]
Gold:   156        SH:  0    Dex: 11    Spells: 4/4 levels left

rFire    . . .     SeeInvis .   a - +2 hand axe
rCold    . . .     Gourm    .   (no shield)
rNeg     + . .     Faith    .   f - +0 chain mail
rPois    .         Spirit   .   (no helmet)
rElec    .         Reflect  .   h - +2 cloak
rCorr    .         Harm     .   (no gloves)
MR       .....                  (no barding)
Stlth    ..........             (no amulet)
HPRegen  0.15/turn              l - ring of positive energy
MPRegen  0.10/turn              b - +2 ring of dexterity

@: mighty, very quick
A: large, hooves 3, deformed body, speed 2, tough skin 3
a: Depart the Abyss, Bend Space, Renounce Religion


You were on level 4 of the Dungeon.
You worshipped Lugonu.
Lugonu was pleased with you.
You were hungry.

You visited 1 branch of the dungeon, and saw 4 of its levels.
You visited the Abyss 1 time.

You collected 156 gold pieces.

Inventory:

Hand Weapons
 a - a +2 hand axe (weapon)
Armour
 f - a +0 chain mail (worn)
 h - a +2 cloak (worn)
 j - a scarf of cloud immunity
Jewellery
 b - a +2 ring of dexterity (right hand)
 l - a ring of positive energy (left hand)
Scrolls
 m - 2 scrolls of identify
Potions
 d - 5 potions of curing {unknown}
 g - a potion of haste {unknown}
 i - a potion of might
 k - a potion of magic {unknown}
 p - a potion of brilliance {unknown}
Comestibles
 c - 7 rations


   Skills:
 + Level 3.8 Fighting
 + Level 2.9 Axes
 * Level 2.8 Armour
 * Level 1.5 Dodging
 * Level 2.8 Invocations


You had 4 spell levels left.
You didn't know any spells.
Your spell library contained the following spells:

 Spells                   Type           Power        Failure   Level  Hunger
 Corpse Rot               Necr           N/A          99%         2    ###....
 Sublimation of Blood     Necr           #.........   99%         2    ###....
 Agony                    Necr           #.......     100%        5    ######.
 Bolt of Draining         Conj/Necr      #.........   100%        5    ######.
 Dispel Undead            Necr           #.......     100%        5    ######.
 Excruciating Wounds      Chrm/Necr      #.........   100%        5    ######.


Dungeon Overview and Level Annotations

Branches:
Dungeon (4/15)
 Temple: D:4-7

Altars:
Gozag
Hepliaklqana
Qazlal

Annotations:
D:4 Edmund


Innate Abilities, Weirdness & Mutations

You have hooves in place of feet.
Armour fits poorly on your strangely shaped body.
You cover ground very quickly.
You have extremely tough skin. (AC +3)


Message History

You barely miss Edmund. Your kick misses Edmund.
Edmund is lightly wounded.
Edmund hits you but does no damage.
Okay, then.
You feel very mighty all of a sudden.
You barely miss Edmund. You kick Edmund.
Edmund is moderately wounded.
Edmund hits you with a +5 flail of holy wrath!
You closely miss Edmund. You kick Edmund, but do no damage.
Edmund is moderately wounded.
Edmund hits you with a +5 flail of holy wrath!
* * * LOW HITPOINT WARNING * * *
You slash Edmund! You kick Edmund.
Edmund is heavily wounded.
Edmund hits you with a +5 flail of holy wrath!
* * * LOW HITPOINT WARNING * * *
You hit Edmund.
Edmund is severely wounded.
Edmund hits you with a +5 flail of holy wrath.
You die...

# #. #.# ...
#.##### #.@.#<#
#@#.# #.#.#####
#.#.....#
#.#####.# #.#
#.# #.# #.#
.#######.#####.#
(..............#
.#####.########


You could see Edmund.

Vanquished Creatures
  Purgy (D:3)
  3 adders
  A dart slug (D:1)
  6 leopard geckos
  An orc (D:3)
  2 ball pythons (D:2)
  5 giant cockroaches
  10 goblins
  9 hobgoblins
  6 jackals
  A quokka (D:2)
  7 bats
  3 frilled lizards
  13 kobolds
  5 rats
73 creatures vanquished.

Notes
Turn   | Place    | Note
-------+----------+-------------------------------------------
     0 | Abyss:1  | Gargoyl the Centaur Abyssal Knight began the quest for the
                  | Orb.
     0 | Abyss:1  | Reached XP level 1. HP: 19/19 MP: 2/2
    13 | Abyss:1  | Found a corrupted altar of Lugonu.
    97 | Abyss:3  | Noticed a starcursed mass
   114 | Abyss:3  | Noticed a starcursed mass
   118 | Abyss:3  | Noticed a tentacled starspawn
   122 | D:1      | Escaped the Abyss
   291 | D:1      | Reached * piety under Lugonu
   417 | D:1      | Reached XP level 2. HP: 26/26 MP: 3/3
   761 | D:1      | Reached skill level 1 in Dodging
   943 | D:1      | Reached XP level 3. HP: 28/31 MP: 4/4
  1410 | D:2      | Found an opulent altar of Gozag.
  2096 | D:3      | Reached ** piety under Lugonu
  2149 | D:3      | Reached XP level 4. HP: 38/39 MP: 5/5
  2256 | D:3      | Noticed Purgy
  2272 | D:3      | Killed Purgy
  2272 | D:3      | Reached XP level 5. HP: 12/46 MP: 5/7
  2275 | D:3      | Found a hazy altar of Hepliaklqana.
  2278 | D:3      | Found a stormy altar of Qazlal.
  3211 | D:4      | Noticed Edmund
  3225 | D:4      | Slain by Edmund

Skill      XL: |  1  2  3 |
---------------+----------+-----
Dodging        | 1 |  1.5
Axes           | 2 |  2.9
Armour         | 2 |  2.8
Fighting       | |  3.8
Invocations    | |  2.8

Action                   |  1- 3 |  4- 6 || total
-------------------------+-------+-------++-------
Melee: Hand axe          |   132 |    88 ||   220
       Kick              |    23 |    23 ||    46
Invok: Depart the Abyss  |     1 |       ||     1
  Use: Scroll            |     5 |     5 ||    10
       Potion            |       |     2 ||     2
  Eat: Chunk             |     2 |     3 ||     5
Armor: Chain mail        |   136 |    94 ||   230
Dodge: Dodged            |    50 |    31 ||    81
